 Dungeon Crawl Stone Soup version 0.16-a0-715-g16937c4 (webtiles) character file.

26665 Ratboiler the Basher (level 12, -20/106 HPs)
             Began as a Demigod Wanderer on Sept 21, 2014.
             Killed from afar by Nergalle (37 damage)
             ... with a bolt of negative energy
             ... on Level 3 of the Orcish Mines.
             The game lasted 01:38:13 (27080 turns).

Ratboiler the Basher (Demigod Wanderer)            Turns: 27080, Time: 01:38:13

HP -20/106       AC 16     Str 18      XL: 12   Next: 62%
MP  18/18        EV  9     Int 21      God:
Gold 1387        SH  8     Dex 28      Spells:  0 memorised, 11 levels left

rFire  . . .     SeeInvis .     a - +2 whip (freeze)
rCold  . . .     Clarity  .     O - +0 plate armour
rNeg   . . .     rCorr    .     T - +2 buckler
rPois  .         rRot     .     (no helmet)
rElec  .         Spirit   .     G - +0 cloak
SustAb .         Warding  .     R - +0 pair of gloves
rMut   .         Stasis   .     (no boots)
Gourm  .                        x - amulet of rage
MR     +....                    V - +3 ring of strength
                                p - +3 ring of intelligence

@: agile, exhausted, slowed, very heavily drained, very slow, somewhat resistant
to hostile enchantments, extremely unstealthy
A: yellow scales 1, low mp 1, mutation resistance 1
a: Evoke Berserk Rage


You were on level 3 of the Orcish Mines.
You were very hungry.

You visited 3 branches of the dungeon, and saw 17 of its levels.

You collected 1601 gold pieces.
You spent 214 gold pieces at shops.

Inventory:

Hand weapons
 a - a +2 whip of freezing (weapon)
 b - a +0 shortbow
 l - a +0 flail of holy wrath
Missiles
 e - 84 arrows
 I - 7 poisoned arrows
 L - 3 arrows of flame
 M - a throwing net (quivered)
 U - 33 arrows of frost
Armour
 G - a +0 cloak (worn)
 O - a +0 plate armour (worn)
 R - a +0 pair of gloves (worn)
 T - a +2 buckler (worn)
Magical devices
 k - a wand of confusion (10)
 C - a wand of flame (9)
 H - a wand of slowing (17)
 K - a wand of magic darts (1)
 Y - a wand of hasting (0)
 Z - a wand of slowing (6)
Comestibles
 f - 15 bread rations
 w - 8 fruits
Scrolls
 d - a scroll of blinking {unknown}
 i - 7 scrolls of remove curse
 o - 2 scrolls of fog
 q - 7 scrolls of enchant armour
 t - 2 scrolls of amnesia
 v - a scroll of magic mapping
 y - 4 scrolls of recharging
 B - a scroll of random uselessness {unknown}
 P - 2 scrolls of enchant weapon
 S - a scroll of torment {unknown}
Jewellery
 p - a +3 ring of intelligence (left hand)
 s - an uncursed amulet of resist mutation
 x - an amulet of rage (around neck)
 J - an uncursed ring of teleportation
 V - a +3 ring of strength (right hand)
Potions
 h - 2 potions of cure mutation
 j - a potion of agility
 m - 6 potions of restore abilities
 n - 2 potions of resistance
 r - 2 potions of cancellation
 A - a potion of magic
 F - 3 potions of mutation
 Q - 2 potions of flight
Miscellaneous
 W - a lamp of fire (inert)


   Skills:
 + Level 9.7(5.4) Fighting
   Level 1.0(3.7) Axes
 - Level 12.0(7.4) Maces & Flails
 - Level 1.0(0.0) Bows
 + Level 9.7(5.4) Armour
 + Level 9.1(4.9) Dodging
 - Level 1.0(0.0) Stealth
 * Level 4.7(0.9) Shields
 - Level 1.0(0.0) Evocations


You had 11 spell levels left.
You didn't know any spells.

Dungeon Overview and Level Annotations

Branches:
Dungeon (10/15)            Temple (0/1) D:4             Orc (4/4) D:10
    Elf (0/3) Orc:3          Lair (3/8) D:10
  Swamp: Lair:3-6    Shoals: Lair:3-6     Snake: Lair:3-6    Spider: Lair:3-6

Shops:
Orc:1 :   Orc:3 [   Orc:4 ([:

Annotations:
D:4 Afay's ghost, average HOFi
Orc:3 Nergalle
Orc:4 Sonja


Innate Abilities, Weirdness & Mutations

You are partially covered in yellow scales (AC +2).
Your magical capacity is low (-10% MP).
You are somewhat resistant to further mutation.


Message History

Your shield and plate armour prevent you from hitting Nergalle.
Nergalle is almost dead.
The spectral orc warrior hits you with a battleaxe.
* * * LOW HITPOINT WARNING * * *
You block the spectral orc warlord's attack.
The spectral orc misses you. The spectral orc barely misses you.
You block the spectral orc's attack.
Nergalle points at the spectral orc and mumbles some strange words.
The spectral orc seems to speed up.
Unknown command.
You hit Nergalle but do no damage.
Nergalle is almost dead.
The spectral orc hits you but does no damage.
The spectral orc warrior hits you but does no damage.
The spectral orc closely misses you.
You block the spectral orc warlord's attack.
You block the spectral orc's attack. The spectral orc barely misses you.
Nergalle points at you and mumbles some strange words.
The bolt of negative energy hits you!
You feel drained.
You die...

........................#...# ##
........[........[)..).##...# #.
.....[.............)..<.....###..
.............._.................#
.#........[.....).[.)...........#
#.##........[..........#)#..##≈##
.............[[.Z.......#....###
...........[)[[#ZZ...[.###.##.##
..........)[.[ZZ@o...[#..#.....##
.####..........ZZZ.#..[.........#
..##................#.#.....##...
.####...............#.#.....##...
## #....###...............###...
##...##...)##[.[....#### #...
##.####..####..#.### ##.. ###
#### ###### ###


You could see Nergalle, 4 spectral orcs, a spectral orc knight, 2 spectral orc
warlords and a spectral orc warrior.

Vanquished Creatures
  An orc warlord (Orc:3)
  The ghost of Pirate the Cleaver, an experienced DDFi of Ru (D:10)
  The ghost of Psiweapon the Covert, an experienced KoBe of Trog (D:9)
  An orc knight (Orc:3)
  7 orc sorcerers
  3 spiny frogs (Lair:2)
  Joseph (Lair:1)
  A black mamba (Lair:2)
  A torpor snail (Lair:3)
  4 komodo dragons
  A troll (Orc:1)
  A two-headed ogre (Orc:3)
  4 polar bears (Lair:2)
  4 blink frogs (Lair:1)
  A wyvern (D:9)
  A basilisk (Lair:3)
  A spriggan (D:7)
  2 deep elf magi (D:10)
  A hungry ghost (D:10)
  10 yaks
  2 steam dragons
  3 hippogriffs
  2 humans (D:10)
  5 wargs
  12 wolves
  23 orc warriors
  5 porcupines
  2 water moccasins
  2 ice beasts
  4 sky beasts
  10 black bears
  2 phantoms
  11 ogres
  2 crocodiles
  2 centaurs
  A gnoll sergeant (D:7)
  8 giant frogs
  Blork the orc (D:5)
  2 insubstantial wisps (D:7)
  6 killer bees (D:8)
  A yak zombie (D:8)
  4 goliath beetles
  8 crimson imps
  6 hounds
  3 quasits
  3 jellies
  22 orc priests
  7 iguanas
  29 orc wizards
  10 worker ants
  6 sheep (Lair:1)
  A big kobold zombie (D:8)
  An ogre skeleton (Orc:3)
  A mummy (D:10)
  A worker ant zombie (D:7)
  10 gnolls
  16 adders
  11 green rats
  6 orc skeletons
  A shadow imp (D:6)
  A gnoll zombie (D:7)
  A giant mite (D:5)
  2 worms
  An ooze (D:1)
  165 orcs
  3 giant cockroaches
  26 hobgoblins
  12 jackals
  19 kobolds
  3 ball pythons
  16 bats
  7 giant geckos
  8 giant newts
  33 goblins
  A hobgoblin zombie (D:6)
  3 orc zombies (Orc:3)
  10 quokkas
  A quokka skeleton (D:5)
  23 rats
  A rat skeleton (D:5)
635 creatures vanquished.

Vanquished Creatures (others)
  A plant (D:10)
1 creature vanquished.

Grand Total: 636 creatures vanquished

Notes
Turn   | Place    | Note
--------------------------------------------------------------
     0 | D:1      | Ratboiler, the Demigod Wanderer, began the quest for the Orb.
     0 | D:1      | Reached XP level 1. HP: 16/16 MP: 2/2
   445 | D:1      | Reached XP level 2. HP: 18/23 MP: 3/3
   609 | D:1      | Reached skill level 1 in Maces & Flails
  1026 | D:2      | Found an ancient bone altar of Kikubaaqudgha.
  1122 | D:2      | Reached XP level 3. HP: 26/28 MP: 5/5
  1895 | D:3      | Reached XP level 4. HP: 36/36 MP: 7/7
  2199 | D:3      | Reached skill level 1 in Dodging
  2839 | D:4      | Noticed Afay's ghost (average HOFi)
  2999 | D:3      | Reached XP level 5. HP: 33/41 MP: 8/8
  3497 | D:4      | Found a staircase to the Ecumenical Temple.
  3497 | D:4      | Noticed an ogre
  4287 | D:4      | Reached XP level 6. HP: 31/50 MP: 11/11
  4504 | D:5      | Entered Level 5 of the Dungeon
  5209 | D:5      | Reached XP level 7. HP: 57/57 MP: 13/13
  5214 | D:5      | Found a radiant altar of Vehumet.
  5406 | D:5      | Noticed Blork the orc
  5412 | D:5      | Killed Blork the orc
  5445 | D:5      | Reached skill level 5 in Maces & Flails
  7090 | D:7      | Reached skill level 5 in Armour
  7090 | D:7      | Reached XP level 8. HP: 44/67 MP: 14/14
  7210 | D:7      | Found a deep blue altar of Sif Muna.
  7214 | D:7      | Reached skill level 6 in Maces & Flails
  7739 | D:7      | Reached skill level 7 in Maces & Flails
  8587 | D:7      | Reached skill level 8 in Maces & Flails
  8667 | D:7      | Noticed a five-headed hydra
  9151 | D:7      | Reached skill level 9 in Maces & Flails
  9225 | D:7      | Noticed a spriggan baker
  9238 | D:7      | Killed a spriggan baker
  9238 | D:7      | Reached XP level 9. HP: 66/72 MP: 16/16
  9951 | D:8      | Reached skill level 10 in Maces & Flails
 10323 | D:8      | Found a glowing golden altar of the Shining One.
 10563 | D:8      | Reached skill level 11 in Maces & Flails
 10705 | D:8      | Found a sparkling altar of Nemelex Xobeh.
 11033 | D:9      | Found a sacrificial altar of Ru.
 11129 | D:9      | Noticed Psiweapon's ghost (experienced KoBe)
 11194 | D:9      | Killed Psiweapon's ghost
 11283 | D:9      | Reached XP level 10. HP: 67/80 MP: 18/18
 11413 | D:9      | Found a shadowy altar of Dithmenos.
 11417 | D:9      | Found a bloodstained altar of Trog.
 11488 | D:8      | Reached skill level 12 in Maces & Flails
 12187 | D:10     | Entered Level 10 of the Dungeon
 12212 | D:9      | Reached skill level 5 in Fighting
 12288 | D:10     | Noticed Pirate's ghost (experienced DDFi)
 12327 | D:10     | Killed Pirate's ghost
 12820 | D:10     | Found an iron altar of Okawaru.
 12838 | D:10     | Reached skill level 5 in Dodging
 13005 | D:10     | Found a staircase to the Orcish Mines.
 14015 | D:10     | Found a staircase to the Lair.
 14059 | Lair:1   | Entered Level 1 of the Lair of Beasts
 14194 | D:10     | Reached XP level 11. HP: 44/91 MP: 18/18
 14700 | Lair:1   | Gained mutation: You are partially covered in yellow scales (AC +2). [potion of mutation]
 14700 | Lair:1   | Gained mutation: Your magical capacity is low (-10% MP). [potion of mutation]
 14961 | Lair:1   | Noticed Joseph
 15005 | Lair:1   | Killed Joseph
 16992 | Lair:3   | Noticed a death yak
 16992 | Lair:3   | Noticed a death yak
 18316 | Lair:3   | Noticed a six-headed hydra
 19187 | Orc:1    | Entered Level 1 of the Orcish Mines
 19711 | Orc:1    | Found a roughly hewn altar of Beogh.
 20146 | Orc:1    | Reached XP level 12. HP: 103/103 MP: 18/18
 20193 | Orc:1    | Found Gastut's Book Boutique.
 20847 | Orc:2    | Found a roughly hewn altar of Beogh.
 21241 | Orc:3    | Found a burning altar of Makhleb.
 21327 | Orc:3    | Found Kluck's Armour Emporium.
 21335 | Orc:3    | Bought a +2 buckler for 214 gold pieces
 21744 | Orc:3    | Found a staircase to the Elven Halls.
 22237 | Orc:3    | Reached skill level 1 in Shields
 22398 | Orc:4    | Entered Level 4 of the Orcish Mines
 22420 | Orc:4    | Noticed an orc warlord
 22689 | Orc:4    | Found Fiehe's Book Shop.
 22689 | Orc:4    | Found Dagozari's Antique Armour Shoppe.
 22690 | Orc:4    | Paralysed by an orc sorcerer for 4 turns
 22693 | Orc:4    | Noticed Nergalle
 22701 | Orc:3    | Paralysed by an orc sorcerer for 3 turns
 23422 | Orc:3    | Killed an orc warlord
 24910 | Orc:4    | Found Mnaunwim's Antique Weapon Emporium.
 25428 | Orc:4    | Noticed Sonja
 25485 | Orc:2    | Gained mutation: You are somewhat resistant to further mutation. [potion of beneficial mutation]
 26217 | Orc:4    | Paralysed by an orc sorcerer for 7 turns
 27080 | Orc:3    | Killed from afar by Nergalle

Action                   |  1- 3 |  4- 6 |  7- 9 | 10-12 || total
-------------------------+-------+-------+-------+-------++-------
Melee: Whip              |   100 |   299 |   791 |  2123 ||  3313
 Fire: Shortbow          |    32 |     9 |    52 |    11 ||   104
Throw: Throwing net      |       |       |     1 |       ||     1
 Abil: Evoke Berserk Rag |       |       |     4 |    24 ||    28
Evoke: Wand              |       |     1 |     2 |    12 ||    15
       Lamp of fire      |       |       |       |     1 ||     1
  Use: Scroll            |       |     8 |     2 |    16 ||    26
       Potion            |       |     1 |     3 |    12 ||    16
 Stab: Sleeping          |     1 |       |       |       ||     1
       Confused          |       |       |       |     2 ||     2
       Fleeing           |       |       |       |     3 ||     3
  Eat: Chunk             |     3 |     9 |    16 |    41 ||    69
       Fruit             |       |     2 |       |     6 ||     8
       Royal jelly       |       |       |     1 |       ||     1
       Meat ration       |       |       |     1 |     3 ||     4
       Pizza             |       |       |       |     3 ||     3
       Bread ration      |       |       |       |     1 ||     1
